 Dungeon Crawl Stone Soup version 0.31-a0-360-gb3e1d13bf4 (webtiles) character file.

Game seed: 6664544920896968258

293 LeprechaunX the Ruffian (level 6, 0/41 HPs)
             Began as an Octopode Shapeshifter on July 26, 2023.
             Was a Priest of Sif Muna.
             Slain by Grinder (2 damage)
             ... on level 4 of the Dungeon.
             The game lasted 00:03:25 (2360 turns).

LeprechaunX the Ruffian (Octopode Shapeshifter)     Turns: 2360, Time: 00:03:26

Health: 0/41       AC:  1    Str: 16    XL:     6   Next: 33%
Magic:  6/6        EV: 13    Int: 11    God:    Sif Muna [***...]
Gold:   164        SH:  0    Dex: 12    Spells: 5/5 levels left

rFire   . .          .
                       - Unarmed
rCold   . . .        (no shield)
rNeg    . . .        (helmet currently unavailable)
rPois   .            m - amulet of regeneration
rElec   .            i - ring of see invisible
rCorr   .            t - ring of flight
SInv    +            (no ring)
Will    .....        (no ring)
Stlth   ++           (no ring)
HPRegen 1.06/turn    (no ring)
MPRegen 0.10/turn    (no ring)
                     (no ring)

%: no passive effects
@: beast-form, flying
A: beast (slay +2), almost no armour, amphibious, 8 rings, camouflage 1,
gelatinous body 1, (nimble swimmer 1), tentacles
a: Begin Untransformation, Renounce Religion, Channel Magic, Forget Spell


You were on level 4 of the Dungeon.
You worshipped Sif Muna.
Sif Muna was most pleased with you.
You were a hulking beast.
You visited 1 branch of the dungeon, and saw 4 of its levels.

You collected 164 gold pieces.

Inventory:

Missiles
 p - a boomerang
Jewellery
 d - a ring of ice
 i - a ring of see invisible (left tentacle)
 m - an amulet of regeneration (around mantle)
 t - a ring of flight (right tentacle)
Talismans
 b - a beast talisman
 k - a maw talisman
Scrolls
 c - 12 scrolls of identify {unknown}
 f - a scroll of blinking {unknown}
 g - a scroll of noise {unknown}
 j - a scroll of amnesia {unknown}
 n - a scroll of silence {unknown}
 r - a scroll of poison {unknown}
 s - a scroll of teleportation {unknown}
 u - 3 scrolls of brand weapon {unknown}
Potions
 a - 3 potions of lignification
 e - 2 potions of attraction {unknown}
 h - a potion of ambrosia {unknown}
 l - a potion of haste {unknown}
 o - a potion of brilliance {unknown}
 q - a potion of berserk rage {unknown}
 v - a potion of resistance {unknown}


   Skills:
 + Level 2.6 Fighting
 + Level 3.1 Dodging
 * Level 4.8 Unarmed Combat
 * Level 4.0 Shapeshifting


You had 5 spell levels left.
You didn't know any spells.
Your spell library contained the following spells:

 Spells                   Type           Power      Damage    Failure   Level
 Cigotuvi's Dreadful Rot  Necr/Pois/Air  0%         N/A       47%         2
 Dazzling Flash           Conj/Hex       0%         N/A       71%         3
 Ignite Poison            Fire/Tmut/Pois 0%         N/A       71%         3
 Inner Flame              Hex/Fire       0%         N/A       71%         3
 Volatile Blastmotes      Fire/Tloc      0%         2d10      71%         3
 Manifold Assault         Tloc           0%         N/A       98%         4
 Freezing Cloud           Conj/Ice/Air   0%         6-21      100%        5
 Yara's Violent Unravell  Hex/Tmut       0%         3d3       100%        5
 Dispersal                Tloc           0%         N/A       100%        6
 Starburst                Conj/Fire      0%         6d3       100%        6
 Enfeeble                 Hex            0%         N/A       100%        7
 Disjunction              Tloc           0%         N/A       100%        8
 Maxwell's Capacitive Co  Air            0%         ∞         100%        8


Dungeon Overview and Level Annotations

Branches:
Dungeon (4/15)
 Temple: D:4-7

Altars:
Kikubaaqudgha
Sif Muna

Shops:
D:3 *

Annotations:
D:4 Grinder


Innate Abilities, Weirdness & Mutations

You are a hulking beast.
Your limbs bulge with bestial killing power. (Slay +2)
You cannot wear most types of armour.
You are amphibious.
You can wear up to eight rings at the same time.
Your skin changes colour to match your surroundings (Stealth+).
Your rubbery body absorbs attacks. (AC +1, EV +1)
((You are camouflaged when in or above water. (Stealth+)))
You have tentacles for arms and can constrict up to eight enemies at once.


Message History

No target in view!
No target in view!
Things that are here:
a +0 whip; a stone
Found a stone staircase leading up.
Grinder comes into view.
Found a steaming spear.
Grinder is nearby!
Grinder is nearby!
Grinder shouts!
Grinder blinks!
An ufetubus comes into view.
Grinder closely misses you.
You barely miss Grinder.
The ufetubus shouts!
Your grab misses Grinder. Grinder hits you but does no damage.
You completely miss Grinder. You grab Grinder. You constrict Grinder.
Grinder gestures at you. Pain shoots through your body!
You tentacle-slap Grinder. You squeeze Grinder, but do no damage.
Grinder is lightly wounded.
You constrict Grinder. Grinder hits you.
You bludgeon Grinder! You squeeze Grinder!
Grinder is heavily wounded.
You constrict Grinder. Grinder gestures at you. Pain shoots through your body!
You tentacle-slap Grinder. You squeeze Grinder, but do no damage.
Grinder is heavily wounded.
You constrict Grinder, but do no damage.
Grinder hits you!
* * * LOW HITPOINT WARNING * * *
You writhe in agony.
* * * LOW HITPOINT WARNING * * *
You bludgeon Grinder! You squeeze Grinder!
Grinder is almost dead.
You constrict Grinder. Grinder hits you.
* * * LOW HITPOINT WARNING * * *
You writhe in agony.
You die...

..### $.... #
....######## #.
#<......... #..
#........ ..# #...
..... #.#
#....####.#######.#
#...55h.........#.#
###
#.).#####..####.#.#
#.. #.
........####.#.###..
.######......#......
######.#.......#...
#......#....##.#...
#.######....##.#.#+
#)# #....##...#. #
#.# #....####.#.


You could see Grinder and an ufetubus.

Vanquished Creatures
  Blork the orc (D:4)
  A jelly (D:4)
  Jessica (D:3)
  An iguana (D:4)
  Robin (D:4)
  4 adders
  2 dart slugs
  6 orcs (D:3)
  9 endoplasms
  3 giant cockroaches
  15 goblins
  4 hobgoblins
  4 jackals (D:3)
  6 kobolds
  2 quokkas
  8 ball pythons
  8 bats
  7 frilled lizards
  A rat (D:1)
84 creatures vanquished.

Notes
Turn   | Place    | Note
-------+----------+-------------------------------------------
     0 | D:1      | LeprechaunX the Octopode Shapeshifter began the quest for
                  | the Orb.
     0 | D:1      | Reached XP level 1. HP: 13/13 MP: 1/1
   117 | D:1      | Reached XP level 2. HP: 15/18 MP: 2/2
   153 | D:1      | Found a faded altar of an unknown god.
   165 | D:1      | Prayed at the altar of an unknown god.
   165 | D:1      | Became a worshipper of Sif Muna the Loreminder
   165 | D:1      | Reached * piety under Sif Muna
   452 | D:1      | Reached XP level 3. HP: 23/23 MP: 3/3
   917 | D:2      | Reached ** piety under Sif Muna
   966 | D:2      | Found an ancient bone altar of Kikubaaqudgha.
  1421 | D:3      | Noticed Jessica
  1425 | D:3      | Reached XP level 4. HP: 24/29 MP: 4/4
  1429 | D:3      | Killed Jessica
  1564 | D:3      | Found Tyxuut's Assorted Antiques.
  1675 | D:3      | Reached XP level 5. HP: 34/34 MP: 5/5
  2038 | D:4      | Noticed Robin
  2038 | D:4      | Noticed Blork the orc
  2067 | D:4      | Reached *** piety under Sif Muna
  2070 | D:4      | Killed Blork the orc
  2109 | D:4      | Killed Robin
  2110 | D:4      | Reached XP level 6. HP: 32/41 MP: 6/6
  2351 | D:4      | Noticed Grinder
  2360 | D:4      | HP: 2/41 [Grinder (4)]
  2360 | D:4      | Slain by Grinder

Illustrated notes

Levels and vault maps discovered:
D:1:      lightli_arrival_lavapool, layout_loops_cross,
          shapermc_ecumenical_altar_acropolis, minmay_misc_feat_four_crosses,
          minmay_split_cup_small
D:2:      layout_loops_ring, basic_altar
D:3:      layout_rooms, serial_shops, shop, uniq_jessica
D:4:      layout_basic, old_standard_altar, serial_shops, nicolae_shop_trees,
          uniq_grinder, uniq_robin, uniq_blork_the_orc

Skill      XL: |  1  2  3  4  5  6 |
---------------+-------------------+-----
Fighting       | 2 |  2.6
Unarmed Combat | 4 |  4.8
Dodging        | 3 |  3.1
Shapeshifting  | 4 |  4.0

Action                     |  1- 3 |  4- 6 || total
---------------------------+-------+-------++-------
  Melee: Unarmed           |    70 |    83 ||   153
         Constrict         |    15 |    26 ||    41
         Tentacles         |     6 |    24 ||    30
         Punch             |     1 |     2 ||     3
   Stab: Sleeping          |    12 |     3 ||    15
 Armour: Skin              |     8 |     6 ||    14
  Dodge: Dodged            |    39 |    45 ||    84

Table legend: (Time is in decaauts)
 A = Elapsed time spent in this place.
 B = Non-inter-level travel time spent in this place.
 C = Inter-level travel time spent in this place.
 D = Time resting spent in this place.
 E = Time spent auto-exploring this place.
 F = Levels seen in this place.
 G = Mean time per level.
                   A        B        C        D        E       F      G
               +--------+--------+--------+--------+--------+-----+--------+
         Total |   2347 |   2282 |     65 |     17 |   1792 |   4 |  586.8 |
       Dungeon |   2347 |   2282 |     65 |     17 |   1792 |   4 |  586.8 |
               +--------+--------+--------+--------+--------+-----+--------+

Top non-repeatable levels by time:
     D:1: 751 daAuts
     D:2: 665 daAuts
     D:3: 607 daAuts
     D:4: 324 daAuts
